AoeStats
← Reimser

Marketplace

505670896Analyzed
1v1 RM · 23d ago on Sep 10, 2026· 28m 43s· 2 players
Game mode
Random Map
Map size
Tiny (2 player)
Population
200
Speed
Normal
Resources
Standard
Victory
Conquest
Starting age
Dark Age
Ending age
Imperial Age
RankedLock teamsTeams togetherTeam positionsShared explorationLock speedFull tech treeHidden civsTurbo modeCheats
Victory
Defeat
🇸🇮 Wu · Slovenia
1240
+18
🇩🇪 Magyars · Germany
1274
-18
rok.kalar
2:57 Loom
10:02 Feudal Age
10:32 Double-Bit Axe
16:09 Castle Age
14:21 Horse Collar
14:45 Arson
15:28 Scale Mail Armor
15:55 Gold Mining
18:24 Squires
20:06 Chain Mail Armor
21:04 Forging
22:17 Wheelbarrow
22:40 Stone Mining
24:05 Bow Saw
26:04 Hand Cart
29:03 Gold Shaft Mining
Reimser
7:33 Loom
11:50 Feudal Age
16:21 Castle Age
15:04 Double-Bit Axe
16:21 Fletching
17:55 Bodkin Arrow
19:51 Gold Mining
25:11 Ballistics
26:16 Wheelbarrow
25:41 Stone Mining
Connection lost

Rejoining the realm…

Still unreachable

The connection could not be restored.

Session expired

The server has moved on; the page needs a fresh start.